 Dungeon Crawl Stone Soup version 0.26-a0-30-g56b8cd3df0 (webtiles) character file.

Game seed: 16961441096809473583, levelgen mode: deterministic

80 vurker the Grave Robber (level 4, 0/32 HPs)
             Began as a Demonspawn Necromancer on June 3, 2020.
             Killed by divine providence
             ... invoked by an orc priest
              (15 damage)
             ... on level 3 of the Dungeon.
             The game lasted 00:03:40 (2542 turns).

vurker the Grave Robber (Demonspawn Necromancer)    Turns: 2542, Time: 00:03:41

Health: 0/32       AC:  8    Str: 15    XL:     4   Next: 18%
Magic:  5/8        EV: 12    Int: 17    God:
Gold:   68         SH:  0    Dex: 13    Spells: 1/9 levels left

rFire    . . .     SeeInvis .   p - +0 dagger
rCold    . . .     Gourm    .   (no shield)
rNeg     . . .     Faith    .   a - +0 robe
rPois    .         Spirit   .   (no helmet)
rElec    .         Reflect  .   (no cloak)
rCorr    .         Harm     .   (no gloves)
MR       .....                  (no boots)
Stlth    ++........             (no amulet)
HPRegen  0.10/turn              d - +4 ring of protection
MPRegen  0.11/turn              m - +6 ring of strength

@: no status effects
A: iridescent scales 1
a: no special abilities


You were on level 3 of the Dungeon.
You were not hungry.

You visited 1 branch of the dungeon, and saw 3 of its levels.

You collected 68 gold pieces.

Inventory:

Hand Weapons
 p - a +0 dagger (weapon)
   (You took it off an orc on level 3 of the Dungeon)
Armour
 a - a +0 robe (worn)
Magical Staves
 f - an uncursed staff of cold
   (You found it on level 2 of the Dungeon)
Jewellery
 d - a +4 ring of protection (left hand)
   (You found it on level 1 of the Dungeon)
 g - an uncursed ring of flight
   (You found it on level 1 of the Dungeon)
 m - a +6 ring of strength (right hand)
   (You found it on level 2 of the Dungeon)
Scrolls
 c - 5 scrolls of identify {unknown}
 h - a scroll of magic mapping {unknown}
 n - a scroll of fog {unknown}
Potions
 b - 2 potions of curing {unknown}
 i - a potion of mutation {unknown}
 j - a potion of might {unknown}
 k - a potion of berserk rage {unknown}
 l - a potion of stabbing {unknown}
 o - a potion of lignification {unknown}
Comestibles
 e - 5 rations
 q - 3 chunks of flesh


   Skills:
 + Level 1.5 Fighting
 - Level 1.7 Dodging
 - Level 1.7 Stealth
 * Level 3.0 Spellcasting
 * Level 5.2 Necromancy


You had one spell level left.
You knew the following spells:

 Your Spells              Type           Power        Failure   Level  Hunger
a - Pain                  Necr           ###.         1%          1    None
c - Vampiric Draining     Necr           ###.......   6%          3    ###....
q - Animate Dead          Necr           N/A          21%         4    ####...

Your spell library contained the following spells:

 Spells                   Type           Power        Failure   Level  Hunger
 Animate Skeleton         Necr           N/A          1%          1    None
 Agony                    Necr           ###.....     50%         5    ######.


Dungeon Overview and Level Annotations

Branches:
Dungeon (3/15)

Altars:


Innate Abilities, Weirdness & Mutations

You are partially covered in iridescent scales. (AC +2)


Message History

You start memorising the spell.
You continue memorising. x4
You finish memorising.
Spell assigned to 'b'.
This spell is dangerous to cast!
Memorise Vampiric Draining, consuming 3 spell levels and leaving 1?
You start memorising the spell.
You continue memorising. x3
You finish memorising.
Spell assigned to 'c'.
Adjust (i)tems, (s)pells, or (a)bilities?
Adjust which spell? b - Animate Dead Adjust to which letter? q - Animate Dead You open the door.
There is an open door here.
Found 7 boomerangs.
Found 19 poisoned darts.
Eating one of 4 chunks of flesh.
You eat one of the 4 chunks of flesh.
Found a stone staircase leading down. 2 orcs and an orc wizard come into view.
You see here 19 poisoned darts.
A bat comes into view.
Aim: an orc, wielding a +0 hand axe and wearing a +0 ring mail (chance to defeat MR: 90%)
The orc writhes in agony.
Aim: an orc, wielding a +0 hand axe and wearing a +0 ring mail (heavily wounded, chance to defeat MR: 90%)
The orc writhes in agony.
You kill the orc!
The orc shouts!
You hear a shout!
The bat hits you but does no damage.
An orc priest comes into view. It is wielding a +0 club.
An orc comes into view. It is wielding a +0 club.
The orc wizard gestures wildly while chanting.
The orc wizard seems to speed up.
You see here 19 poisoned darts.
Aim: a bat (chance to defeat MR: 90%)
The bat writhes in agony.
The bat hits you but does no damage.
The orc wizard gestures wildly while chanting.
The orc wizard flickers and vanishes!
Deactivating autopickup; reactivate with Ctrl-A.
Aim: a bat (moderately wounded, chance to defeat MR: 90%)
The bat barely resists.
The orc priest calls down the wrath of Beogh upon you.
Beogh smites you!
* * * LOW HITPOINT WARNING * * *
The bat misses you. The bat hits you but does no damage.
The bat closely misses you. The bat hits you but does no damage.
The bat barely misses you. The bat hits you but does no damage.
The orc priest calls down the wrath of Beogh upon you.
Beogh smites you!
You die...

...#........# #..#........#
..... #..###.....#### . #....
#..###.......># ..#....
#....'........# .......
#.####...÷....# ...b. #.#
#........# ..##...
#.####......<.#
o...)..##.#.@+........#######
....oo.o(.b.##.....#.#......#
#########.########.#.#......#
.................#.#..÷...<
..............####.#.......
##..........#.# #.###.....
...........># #.. +.....
#.....#####.# #. #.....
#..#.. .# ..###.


You could see an orc priest, an orc and a bat.

Vanquished Creatures
  A hound (D:2)
  An adder (D:3)
  An ooze (D:1)
  A leopard gecko (D:1)
  2 orcs (D:3)
  6 bats
  2 giant cockroaches (D:1)
  2 goblins
  4 hobgoblins
  5 jackals (D:1)
  A frilled lizard (D:2)
  4 kobolds
  5 rats
35 creatures vanquished.

Notes
Turn   | Place    | Note
-------+----------+-------------------------------------------
     0 | D:1      | vurker the Demonspawn Necromancer began the quest for the
                  | Orb.
     0 | D:1      | Reached XP level 1. HP: 13/13 MP: 3/3
    23 | D:1      | You fall into a shaft and drop 1 floor!
   430 | D:1      | Gained mutation: You are partially covered in iridescent
                  | scales. (AC +2) [demonic ancestry]
   430 | D:1      | Reached XP level 2. HP: 20/20 MP: 3/5
  1218 | D:1      | Reached skill level 1 in Fighting
  1312 | D:1      | Reached XP level 3. HP: 22/26 MP: 1/6
  1849 | D:2      | Reached skill level 5 in Necromancy
  2443 | D:3      | Reached XP level 4. HP: 31/32 MP: 5/8
  2514 | D:3      | Learned a level 4 spell: Animate Dead
  2518 | D:3      | Learned a level 3 spell: Vampiric Draining
  2542 | D:3      | Killed from afar by an orc priest

Illustrated notes

Levels and vault maps discovered:
D:1:      roderic_crop_circles_arrival_small, layout_loops_ring
D:2:      layout_basic
D:3:      layout_basic, marbit_many_paths, kennysheep_slug_shrine,
          kiku_gazebo_pond_becter

Skill      XL: |  1  2  3 |
---------------+----------+-----
Fighting       | 1 |  1.5
Necromancy     | 5 |  5.2
Spellcasting   | 3 |  3.0
Dodging        | |  1.7
Stealth        | |  1.7

Action                   |  1- 3 |  4- 6 || total
-------------------------+-------+-------++-------
Melee: Unarmed           |    62 |       ||    62
 Cast: Pain              |    61 |     8 ||    69
  Eat: Chunk             |     5 |     1 ||     6
Armor: Robe              |    29 |     5 ||    34
Dodge: Dodged            |    59 |     3 ||    62

Table legend:
 A = Non-vault XP
 B = Vault XP
 C = Vault XP percentage of total XP
 D = Non-vault monster count
 E = Vault monster count
 F = Vault count percentage of total count
                 A         B        C        D         E       F
            +---------+---------+-------+---------+---------+-------
      Total |     115 |       0 |   0.0 |      35 |       0 |   0.0
            +---------+---------+-------+---------+---------+-------
        D:1 |      44 |       0 |   0.0 |      23 |       0 |   0.0
        D:2 |      52 |       0 |   0.0 |       9 |       0 |   0.0
        D:3 |      19 |       0 |   0.0 |       3 |       0 |   0.0
            +---------+---------+-------+---------+---------+-------
